Map: Ley Lines

Players

SpeCial

  • Race: Protoss Protoss
  • League: Grandmaster
  • Spawn Location: 7:00

A.I. 1 (Very Easy) - Winner!

  • Race: Terran Terran
  • Spawn Location: 1:00

VOD

Have the link to the VOD?

Description

Time

  • Played on: Oct. 21, 2025, 10:24 p.m.
  • Length: 6:22
Show
View Real Time Build Order
Export as new Build Order

SpeCial Protoss 

Build Orders: Phoenix Opening, Blink Stalkers 

Get SALT Encoding   

  12  0:00  Probe  
  13  0:12  Probe  
  14  0:18  Pylon  
  14  0:24  Probe  
  15  0:32  Probe  
  15  0:38  Gateway  
  15  0:40  Probe  
  16  0:46  Assimilator  
  17  0:51  Probe  
  17  0:54  Assimilator  
  18  0:59  Probe  
  19  1:06  Gateway  
  19  1:07  Probe  
  19  1:17  Probe  
  21  1:26  Cybernetics Core  
  21  1:29  Pylon  
  21  1:31  Probe  
  22  1:43  Probe  
  22  1:56  Probe  
  22  1:59  Stalker  
  23  2:02  Sentry  
  23  2:06  Warp Gate  
  27  2:15  Pylon  
  27  2:25  Nexus  
  27  2:37  Stalker  
  27  2:38  Stalker  
  31  2:44  Probe  
  31  2:50  Pylon  
  32  2:56  Probe  
  33  3:00  Twilight Council  
  33  3:08  Probe  
  34  3:16  Shield Battery  
  36  3:20  Probe  
  35  3:28  Probe  
  35  3:34  Probe  
  36  3:36  Probe  
  36  3:37  Blink  
  38  3:42  Probe  
  38  3:47  Probe  
  39  3:50  Phoenix  
  39  3:52  Probe  
  41  3:57  Stalker x2  
  41  3:59  Probe  
  46  4:04  Probe  
  46  4:08  Pylon  
  47  4:11  Gateway, Probe  
  47  4:16  Probe  
  49  4:23  Probe  
  50  4:25  Robotics Facility  
  50  4:28  Probe  
  51  4:35  Probe  
  52  4:40  Probe  
  52  4:43  Nexus  
  53  4:47  Pylon, Probe  
  53  4:51  Assimilator  
  54  4:53  Stalker  
  54  4:58  Stalker  
  54  4:59  Probe  
  59  5:02  Probe  
  60  5:07  Observer  
  60  5:11  Probe  
  60  5:14  Probe  
  63  5:20  Forge  
  63  5:22  Stalker  
  63  5:23  Probe, Stalker  
  63  5:26  Probe  
  69  5:33  Pylon  
  69  5:35  Gateway  
  69  5:36  Gateway  
  69  5:40  Gateway  
  69  5:43  Probe  
  70  5:51  Probe  
  70  5:55  Probe  
  71  5:58  Stalker  
  71  6:00  Zealot  
  71  6:03  Probe, Zealot  
  78  6:04  Probe  
  78  6:07  Probe  
  80  6:17  Pylon  
  82  6:21  Zealot x2  
Show
View Real Time Build Order
Export as new Build Order

A.I. 1 (Very Easy) Terran - Winner!

Build Orders: Reaper Expand 

Get SALT Encoding   

  12  0:00  SCV  
  13  0:13  SCV  
  14  0:18  Supply Depot  
  14  0:41  Barracks  
  14  1:02  Command Center  
  14  1:30  Supply Depot, Orbital Command  
  14  1:31  Marine  
  15  1:37  Refinery  
  15  1:47  Refinery  
  15  1:56  SCV  
  16  2:08  SCV  
  17  2:15  SCV  
  18  2:16  Reaper  
  18  2:22  SCV  
  20  2:29  SCV  
  21  2:37  SCV  
  22  2:44  SCV  
  23  2:49  Refinery  
  23  2:52  SCV  
  24  2:59  SCV  
  25  3:06  SCV  
  25  3:07  Marine  
  27  3:14  SCV  
  28  3:20  Factory  
  28  3:21  SCV  
  29  3:44  Refinery, SCV  
  30  3:51  SCV  
  30  3:55  Supply Depot  
  31  3:59  Marine, SCV  
  33  4:06  SCV  
  33  4:09  Starport  
  34  4:13  SCV  
  35  4:18  Barracks Tech Lab  
  35  4:20  SCV  
  36  4:27  SCV  
  36  4:30  Supply Depot  
  37  4:34  SCV  
  38  4:42  SCV  
  38  4:45  Starport Tech Lab  
  39  4:49  SCV  
  39  4:51  Marauder  
  42  4:56  SCV  
  43  5:04  Raven, SCV  
  46  5:11  SCV  
  47  5:18  SCV  
  48  5:38  Raven  
  48  5:42  Marauder  
  52  5:57  SCV  
Tags
 
Add a new tag
Caveats
  • Supply blocks, unpowered buildings, or Contaminate may cause inaccurate times.
  • Supply counts are checked every 10 seconds.